 Dungeon Crawl Stone Soup version 0.31-a0-174-g85c54bcb58 (webtiles) character file.

Game seed: 1748334368524439323

67 qw the Shooter (level 4, -3/39 HPs)
             Began as a Naga Hunter on June 15, 2023.
             Slain by Natasha (8 damage)
             ... on level 2 of the Dungeon.
             The game lasted 00:00:23 (955 turns).

qw the Shooter (Naga Hunter)                         Turns: 955, Time: 00:00:23

Health: -3/39      AC:  2    Str: 13    XL:     4   Next: 16%
Magic:  4/4        EV:  9    Int:  9    God:
Gold:   52         SH:  0    Dex: 17    Spells: 3/3 levels left

rFire   . . .        Y - +0 shortbow
rCold   . . .        (shield currently unavailable)
rNeg    . . .        c - +0 leather armour
rPois   +            (no helmet)
rElec   .            (no cloak)
rCorr   .            (no gloves)
SInv    +            (no barding)
Will    .....        (no amulet)
Stlth   ++           (no ring)
HPRegen 0.26/turn    (no ring)
MPRegen 0.09/turn

%: no passive effects
@: short of breath, very slow
A: AC +1, large, see invisible, deformed body, poison resistance, slowness 2,
spit poison 1, naga tail 1
a: Spit Poison


You were on level 2 of the Dungeon.
You visited 1 branch of the dungeon, and saw 2 of its levels.

You collected 52 gold pieces.


Innate Abilities, Weirdness & Mutations

Your serpentine skin is tough. (AC +1)
You have supernaturally acute eyesight. (SInv)
Armour fits poorly on your strangely shaped body.
Your system is resistant to poisons. (rPois)
You cover ground very slowly.
You can spit poison.
You have a snake-like lower body.


   Skills:
 + Level 2.1 Fighting
 - Level 5.0 Ranged Weapons
 - Level 1.5 Dodging
 - Level 1.5 Stealth


You had 3 spell levels left.
You didn't know any spells.
Your spell library was empty.

Inventory:

Hand Weapons
 Y - a +0 shortbow (weapon)
Armour
 c - a +0 leather armour (worn)
Scrolls
 a - a scroll of noise {unknown}

Dungeon Overview and Level Annotations

Branches:
Dungeon (2/15)

Altars:

Annotations:
D:2 Natasha


Message History

Enter note: You shoot an arrow.
The arrow closely misses the goblin.
The ball python hisses angrily. x2
Natasha, Servant of Life and Death comes into view.
You shoot an arrow. The arrow hits the ball python!
You kill the ball python!
You have got your breath back.
948 ||| INVOKING Spit Poison.
Aiming: Spit Poison (1% risk of failure)
Press: ? - help, Shift-Dir - straight line, f - ball python The splash of poison hits the ball python.
The ball python is poisoned.
You kill the ball python!
You shoot an arrow. The arrow closely misses the goblin.
You shoot an arrow. The arrow hits Natasha.
Natasha is moderately wounded.
Natasha stares at you and mumbles some strange words.
The magic dart hits you!
You shoot an arrow. The arrow hits the goblin.
The goblin is severely wounded.
The goblin hits you with a +0 club.
You shoot an arrow. The arrow misses the goblin.
Natasha barely misses you. The goblin barely misses you.
You shoot an arrow. The arrow hits the goblin.
You kill the goblin!
Natasha claws you.
A goblin comes into view. It is wielding a +0 club.
You shoot an arrow. The goblin shouts!
The arrow hits Natasha!
Natasha is almost dead.
You have got your breath back.
Natasha closely misses you.
955 ||| INVOKING Spit Poison.
Aiming: Spit Poison (1% risk of failure)
Press: ? - help, Shift-Dir - straight line, f/p - Natasha The splash of poison hits Natasha.
Natasha is poisoned.
Natasha is almost dead.
Natasha claws you!
You die...

#.......##
#.........
+.........
#.......#
##.......#.
#.......... ....
#...h......
....... #..@#
#....... #..)# #
#....... #...#
###....... .....#
.##.....(........#
...........g......
....####..g.#....#
#...####..%.#.....
#......#....#


You could see Natasha (poisoned) and 2 goblins.

Vanquished Creatures
  Robin (D:2)
  2 adders (D:2)
  2 bats (D:1)
  3 endoplasms
  A giant cockroach (D:1)
  8 goblins
  2 hobgoblins (D:2)
  3 jackals (D:1)
  2 quokkas (D:1)
  6 ball pythons
  3 kobolds (D:1)
  3 rats
36 creatures vanquished.

Notes
Turn   | Place    | Note
-------+----------+-------------------------------------------
     0 | D:1      | qw the Naga Hunter began the quest for the Orb.
     0 | D:1      | Reached XP level 1. HP: 19/19 MP: 1/1
     0 | D:1      | 0 ||| qw: Version: 0.2-a-29-g511e9b1
     0 | D:1      | 0 ||| qw: Game counter: 5375
     0 | D:1      | 0 ||| qw: Always use a shield: true
     0 | D:1      | 0 ||| qw: God list: Okawaru
     0 | D:1      | 0 ||| qw: Allow faded altars: false
     0 | D:1      | 0 ||| qw: Do Orc after D:15 true
     0 | D:1      | 0 ||| qw: Do second Lair branch before Depths: true
     0 | D:1      | 0 ||| qw: Lair rune preference: random
     0 | D:1      | 0 ||| qw: Plans: Normal
     0 | D:1      | 0 ||| PLANNING D:1-11
    58 | D:1      | 58 ||| INVOKING Spit Poison.
    79 | D:1      | 79 ||| INVOKING Spit Poison.
    96 | D:1      | 96 ||| INVOKING Spit Poison.
    97 | D:1      | 97 ||| INVOKING Spit Poison.
   124 | D:1      | 124 ||| INVOKING Spit Poison.
   127 | D:1      | Reached skill level 4 in Ranged Weapons
   127 | D:1      | Reached XP level 2. HP: 26/26 MP: 2/2
   171 | D:1      | 171 ||| INVOKING Spit Poison.
   184 | D:1      | 184 ||| INVOKING Spit Poison.
   250 | D:1      | 250 ||| INVOKING Spit Poison.
   498 | D:1      | 498 ||| INVOKING Spit Poison.
   549 | D:1      | 549 ||| INVOKING Spit Poison.
   555 | D:1      | 555 ||| INVOKING Spit Poison.
   561 | D:1      | 561 ||| INVOKING Spit Poison.
   708 | D:1      | 708 ||| READING scroll labelled BOTUQI LIJA.
   809 | D:1      | 809 ||| READING scroll labelled FEAFAWNI DOALE.
   810 | D:1      | 810 ||| READING 2 scrolls labelled RUVUASHR HOANEI.
   813 | D:1      | 813 ||| READING 2 scrolls labelled BINAN SUBEIDI.
   814 | D:1      | 814 ||| READING scroll labelled ENKYMOH UDGHI.
   815 | D:1      | 815 ||| DRINKING 2 sedimented sapphire potions.
   816 | D:1      | 816 ||| DROPPING scroll of butterflies.
   817 | D:1      | 817 ||| DROPPING scroll of blinking.
   834 | D:2      | 834 ||| INVOKING Spit Poison.
   840 | D:2      | 840 ||| INVOKING Spit Poison.
   841 | D:2      | Reached XP level 3. HP: 24/32 MP: 3/3
   926 | D:2      | 926 ||| INVOKING Spit Poison.
   927 | D:2      | Noticed Robin
   929 | D:2      | 929 ||| INVOKING Spit Poison.
   932 | D:2      | 932 ||| Stepping ~*~*~tactically~*~*~ (outnumbered).
   935 | D:2      | 935 ||| INVOKING Spit Poison.
   938 | D:2      | 938 ||| INVOKING Spit Poison.
   940 | D:2      | HP: 8/32 [Robin/puff of flame (6)]
   941 | D:2      | 941 ||| READING scroll of teleportation.
   942 | D:2      | 942 ||| DRINKING potion of heal wounds.
   944 | D:2      | 944 ||| INVOKING Spit Poison.
   944 | D:2      | Killed Robin
   945 | D:2      | Reached skill level 5 in Ranged Weapons
   945 | D:2      | Reached XP level 4. HP: 19/39 MP: 4/4
   946 | D:2      | Noticed Natasha
   948 | D:2      | 948 ||| INVOKING Spit Poison.
   953 | D:2      | HP: 4/39 [Natasha (6)]
   955 | D:2      | 955 ||| INVOKING Spit Poison.
   955 | D:2      | Slain by Natasha

Levels and vault maps discovered:
D:1:      ncdulo_halloftheorcs, layout_basic
D:2:      layout_basic, dilly_ecumenical_altar_fadedgnrine,
          minmay_increasing_density, uniq_natasha, uniq_robin

Skill      XL: |  1  2  3 |
---------------+----------+-----
Ranged Weapons | 4 5 |  5.0
Fighting       | |  2.1
Dodging        | |  1.5
Stealth        | |  1.5

Action                     |  1- 3 |  4- 6 || total
---------------------------+-------+-------++-------
   Fire: Shortbow          |    59 |     9 ||    68
Ability: Spit Poison       |    18 |     2 ||    20
    Use: Scroll            |     6 |       ||     6
         Potion            |     2 |       ||     2
 Armour: Leather armour    |     7 |       ||     7
  Dodge: Dodged            |    19 |     3 ||    22

Table legend:
 A = Non-vault XP
 B = Vault XP
 C = Vault XP percentage of total XP
 D = Non-vault monster count
 E = Vault monster count
 F = Vault count percentage of total count
                 A         B        C        D         E       F
            +---------+---------+-------+---------+---------+-------
      Total |      66 |      30 |  31.2 |      27 |       9 |  25.0
            +---------+---------+-------+---------+---------+-------
        D:1 |      31 |       0 |   0.0 |      20 |       0 |   0.0
        D:2 |      35 |      30 |  46.2 |       7 |       9 |  56.2
            +---------+---------+-------+---------+---------+-------
